 Dungeon Sprint DCSS version 0.27.0-1-g7a089689b8 (webtiles) character file.

Game seed: 9080612263323976664

1581 Groucho the Imperceptible (level 8, 0/33 (36) HPs)
             Began as a Spriggan Enchanter on Aug 6, 2021.
             Was a Follower of Uskayaw.
             Slain by a wight (12 damage)
             ... in the Dungeon (Sprint VII: "The Pits").
             The game lasted 00:05:12 (2662 turns).

Groucho the Imperceptible (Spriggan Enchanter)      Turns: 2662, Time: 00:05:12

HP:   0/33 (36)     AC:  2    Str:  6    XL:     8   Next: 60%
MP:   15/20         EV: 17    Int: 16    God:    Uskayaw [*.....]
Gold: 0             SH:  0    Dex: 16    Spells: 16/22 levels left

rFire    . . .     SeeInvis +   a - +2 dagger
rCold    . . .     Faith    .   (shield restricted)
rNeg     . . .     Spirit   .   b - +0 robe
rPois    .         Reflect  .   (helmet restricted)
rElec    .         Harm     .   (no cloak)
rCorr    .         Rampage  .   (gloves unavailable)
Will     +....     NoTele   +   (boots unavailable)
Stlth    ++++++++..             (no amulet)
HPRegen  0.11/turn              (no ring)
MPRegen  0.17/turn              (no ring)

@: confusing by touch, drained, very quick
A: very small, no large weapons, unfitting armour, see invisible, speed 3
a: Renounce Religion, Stomp


You were in the Dungeon.
You worshipped Uskayaw.
Uskayaw was noncommittal.
You visited 1 branch

Inventory:

Hand Weapons
 a - a +2 dagger (weapon)
 q - a +2 rapier of electrocution
Missiles
 l - 10 stones
Armour
 b - a +0 robe (worn)
Jewellery
 m - a +3 ring of protection
 n - a +3 ring of strength
Scrolls
 h - a scroll of blinking
 j - 5 scrolls of amnesia
 k - a scroll of summoning
Potions
 c - 5 potions of curing
 d - 9 potions of heal wounds
 e - 2 potions of haste
 f - 4 potions of magic
 g - 7 potions of berserk rage
 i - 2 potions of invisibility
 o - a potion of brilliance
 p - a potion of might


   Skills:
 - Level 1.1 Short Blades
 - Level 2.6 Dodging
 * Level 23.1 Stealth
 + Level 7.8 Spellcasting
 + Level 8.2 Hexes
 + Level 2.1 Ice Magic


You had 16 spell levels left.
You knew the following spells:

 Your Spells              Type           Power      Damage    Failure   Level
a - Corona                Hex            35%        N/A       1%          1
b - Ensorcelled Hibernat  Hex/Ice        44%        N/A       1%          2
c - Confusing Touch       Hex            32%        N/A       1%          3

Your spell library contained the following spells:

 Spells                   Type           Power      Damage    Failure   Level
 Tukima's Dance           Hex            32%        N/A       1%          3
 Dazzling Flash           Conj/Hex       38%        N/A       6%          3


Dungeon Overview and Level Annotations

Branches:
Dungeon (1/1)

Altars:
Ashenzari
Cheibriados
Dithmenos
Elyvilon
Fedhas
Gozag
Hepliaklqana
Kikubaaqudgha
Makhleb
Nemelex Xobeh
Okawaru
Qazlal
Ru
Sif Muna
Trog
Uskayaw
Vehumet
Wu Jian
Xom
Yredelemnul
Zin
The Shining One
Beogh
Jiyva
Lugonu


Innate Abilities, Weirdness & Mutations

You are very small and have problems with some larger weapons.
You are too small for most types of armour.
You have supernaturally acute eyesight. (SInv)
You cover ground extremely quickly. (Speed+++)


Message History

There is an open door, spattered with blood here.
Things that are here:
a +0 club; a +0 dagger of venom; a +0 robe
Items here: )) [[.
You see here a +0 dagger.
You see here a +0 club.
There is an open door to the Storerooms (Easy), spattered with blood here.
You open the huge gate.
Unknown command.
There is a huge open gate to the Metal Vault (Medium) here.
There is a huge open gate to the Metal Vault (Medium) here.
You open the large door.
A deep troll, 3 wights and a wraith come into view.
Unknown command.
Unknown command.
There is a huge open gate to the Metal Vault (Medium) here.
There is a huge open gate to the Metal Vault (Medium) here.
You start waiting.
A wight is nearby!
A wight is nearby!
Casting: Ensorcelled Hibernation (safe; 1% risk of failure)
Confirm with . or Enter, or press ? or * to list all spells.
Your hands begin to glow red.
You completely miss the wight. You hit the wight but do no damage.
The wight appears confused.
Casting: Confusing Touch (safe; 1% risk of failure)
Confirm with . or Enter, or press ? or * to list all spells.
Your hands begin to glow red.
The wight hits the wight with a +3 mace!
The wight hits you with a +4 falchion.
You feel drained.
You hit the wight but do no damage.
The wight is almost destroyed.
The wight hits you with a +4 falchion!
You feel drained.
You are too injured to fight recklessly!
You are too injured to fight recklessly!
Unknown command.
You hit the wight but do no damage.
The wight is almost destroyed.
The wight hits you with a +4 falchion!
You die...

________.# ________.#
______...###########++######
########'##................#
?..')))).##......#..#......#
########.##................+
).....)..)'....z...........+
#####'#####......#..#......#
#..#..#..##.....@z.........#
#..'..'..#####'#####''#####
##'####'###.......##''#####
#....รท...##.......##......#
#........##.......##.z.z..#
#####'#####...<...###....##
#...)))[.##.......# ##'z##
#...)))[.##.......# ....#
###########.......# ......#


You could see 2 wights.

Vanquished Creatures
  Pikel (D)
  A hornet (D)
  A redback (D)
  A fire bat (D)
  A floating eye (D)
  2 orc warriors (D)
  A black bear (D)
  A wolf (D)
  Blork the orc (D)
  A killer bee (D)
  An orc wizard (D)
  2 adders (D)
  An adder skeleton (D)
  3 orcs (D)
  2 endoplasms (D)
  2 giant cockroaches (D)
  3 goblins (D)
  A quokka (D)
  2 ball pythons (D)
  A rat (D)
29 creatures vanquished.

Notes
Turn   | Place    | Note
-------+----------+-------------------------------------------
     0 | D        | Groucho the Spriggan Enchanter began the quest for the Orb.
     0 | D        | Reached XP level 1. HP: 9/9 MP: 5/5
    17 | D        | Reached skill level 5 in Stealth
    47 | D        | Found a bloodstained altar of Trog.
    47 | D        | Found a shimmering blue altar of Sif Muna.
    47 | D        | Found a viscous altar of Jiyva.
    47 | D        | Found a hazy altar of Hepliaklqana.
    47 | D        | Found an opulent altar of Gozag.
    48 | D        | Found a glowing golden altar of the Shining One.
    48 | D        | Found a glowing silver altar of Zin.
    48 | D        | Found a basalt altar of Yredelemnul.
    48 | D        | Found a shimmering altar of Xom.
    48 | D        | Found an ornate altar of the Wu Jian Council.
    48 | D        | Found a sacrificial altar of Ru.
    48 | D        | Found a stormy altar of Qazlal.
    48 | D        | Found an iron altar of Okawaru.
    48 | D        | Found a sparkling altar of Nemelex Xobeh.
    48 | D        | Found a burning altar of Makhleb.
    48 | D        | Found a blossoming altar of Fedhas.
    48 | D        | Found a white marble altar of Elyvilon.
    48 | D        | Found a shadowy altar of Dithmenos.
    48 | D        | Found a snail-covered altar of Cheibriados.
    51 | D        | Found a corrupted altar of Lugonu.
    51 | D        | Found a radiant altar of Vehumet.
    52 | D        | Found an ancient bone altar of Kikubaaqudgha.
    52 | D        | Found a hide-covered altar of Uskayaw.
    52 | D        | Found a broken altar of Ashenzari.
    67 | D        | Became a worshipper of Uskayaw the Reveller
   259 | D        | Noticed a floating eye
   261 | D        | Paralysed by a floating eye for 2 turns
   264 | D        | Reached * piety under Uskayaw
   266 | D        | Reached ** piety under Uskayaw
   268 | D        | Paralysed by a floating eye for 2 turns
   272 | D        | Reached *** piety under Uskayaw
   273 | D        | Killed a floating eye
   274 | D        | Reached skill level 10 in Stealth
   274 | D        | Reached XP level 2. HP: 13/13 MP: 6/10
   274 | D        | Reached XP level 3. HP: 16/16 MP: 6/11
   274 | D        | Reached XP level 4. HP: 21/21 MP: 7/13
   277 | D        | Learned a level 2 spell: Ensorcelled Hibernation
   487 | D        | Learned a level 3 spell: Confusing Touch
   882 | D        | Reached skill level 11 in Stealth
  1159 | D        | Noticed a lemure
  1159 | D        | Noticed a lemure
  1187 | D        | Reached skill level 12 in Stealth
  1187 | D        | Reached XP level 5. HP: 14/24 MP: 11/14
  1453 | D        | Noticed an orc warrior
  1456 | D        | Killed an orc warrior
  1457 | D        | Reached skill level 15 in Stealth
  1459 | D        | Noticed a wolf
  1469 | D        | HP: 1/24 [wolf (10)]
  1472 | D        | Killed a wolf
  1473 | D        | Reached skill level 16 in Stealth
  1473 | D        | Reached XP level 6. HP: 27/28 MP: 6/16
  1487 | D        | Noticed Pikel
  1514 | D        | Killed Pikel
  1515 | D        | Reached skill level 21 in Stealth
  1515 | D        | Reached XP level 7. HP: 32/32 MP: 8/17
  1690 | D        | Noticed a fire bat
  1703 | D        | Killed a fire bat
  2096 | D        | Reached skill level 22 in Stealth
  2097 | D        | Noticed Blork the orc
  2100 | D        | Reached XP level 8. HP: 36/36 MP: 18/18
  2106 | D        | Reached **** piety under Uskayaw
  2112 | D        | Killed Blork the orc
  2539 | D        | Noticed a hornet
  2544 | D        | Reached skill level 1 in Ice Magic
  2545 | D        | Killed a hornet
  2546 | D        | Reached skill level 23 in Stealth
  2645 | D        | Noticed a deep troll
  2662 | D        | Slain by a wight

Illustrated notes

Levels and vault maps discovered:
D:        pitsprint [storerooms_1, entrance_room_1, metal_vault_2, armoury_1,
          mini_pit_1, grid_room_1, main_hall_1, silver_pit, the_coven_1,
          the_vestibule_1, steel_vault_3, golden_pit, hallway_of_sentries,
          crystal_vault_5, iron_vault_2, final_vault]

Skill      XL: |  1  2  3  4  5  6  7  8 |
---------------+-------------------------+-----
Stealth        | 10 12 16 21 22 23 | 23.1
Spellcasting   | 6 7 |  7.8
Hexes          | 6 8 |  8.2
Ice Magic      | 2 |  2.1
Short Blades   | |  1.1
Dodging        | |  2.6

Action                   |  1- 3 |  4- 6 |  7- 9 || total
-------------------------+-------+-------+-------++-------
Melee: Dagger            |    16 |    21 |    24 ||    61
 Cast: Ensorcelled Hiber |       |    15 |     9 ||    24
       Confusing Touch   |       |     1 |     3 ||     4
  Use: Potion            |       |     2 |       ||     2
 Stab: Paralysed         |     1 |       |       ||     1
       Sleeping          |       |    13 |    12 ||    25
       Confused          |       |     1 |     1 ||     2
Armor: Robe              |       |     3 |     1 ||     4
Dodge: Dodged            |     3 |    10 |     8 ||    21
